 Dungeon Crawl Stone Soup version 0.28.0-49-g6dfe1f597d (webtiles) character file.

Game seed: 6018348971289736201

984 klau3 the Cleaver (level 7, -4/61 HPs)
             Began as a Minotaur Berserker on May 15, 2022.
             Was a Priest of Trog.
             Slain by Duvessa
             ... wielding a +0 rapier
              (5 damage)
             ... on level 5 of the Dungeon.
             The game lasted 00:09:19 (4114 turns).

klau3 the Cleaver (Minotaur Berserker)              Turns: 4114, Time: 00:09:19

Health: -4/61      AC: 12    Str: 21    XL:     7   Next: 97%
Magic:  6/6        EV: 11    Int:  4    God:    Trog [***...]
Gold:   203        SH:  0    Dex: 12    Spells: 6/6 levels left

rFire   + . .      SeeInvis .   k - +0 war axe
rCold   . . .      Faith    .   (no shield)
rNeg    . . .      Spirit   .   C - +2 scale mail {rF+}
rPois   .          Reflect  .   (helmet restricted)
rElec   .          Harm     .   (no cloak)
rCorr   .          Rampage  .   o - +0 pair of gloves
Will    ++...                   i - +1 pair of boots
Stlth   ..........              (no amulet)
HPRegen 1.20/turn               (no ring)
MPRegen 0.10/turn               (no ring)

@: strong-willed, on berserk cooldown, regenerating, slowed, very slow
A: horns 2, retaliatory headbutt
a: Renounce Religion, Berserk, Trog's Hand


You were on level 5 of the Dungeon.
You worshipped Trog.
Trog was most pleased with you.
You visited 1 branch of the dungeon, and saw 5 of its levels.

You collected 203 gold pieces.

Inventory:

Hand Weapons
 a - a +0 hand axe
 k - a +0 war axe (weapon)
 y - a +3 scythe
Missiles
 l - 6 poisoned darts (quivered)
Armour
 b - a +0 animal skin
 i - a +1 pair of boots (worn)
 m - a +0 helmet
 o - a +0 pair of gloves (worn)
 C - a +2 scale mail of fire resistance (worn)
Wands
 x - a wand of polymorph (5)
 z - a wand of iceblast (12)
Scrolls
 c - 5 scrolls of identify {unknown}
 e - 2 scrolls of immolation {unknown}
 g - a scroll of brand weapon {unknown}
 h - 3 scrolls of blinking {unknown}
 j - 2 scrolls of noise {unknown}
 p - a scroll of holy word {unknown}
 s - a scroll of fog {unknown}
 v - 2 scrolls of teleportation {unknown}
 w - a scroll of enchant weapon {unknown}
 A - a scroll of enchant armour {unknown}
 B - a scroll of vulnerability {unknown}
Potions
 d - a potion of curing {unknown}
 f - 4 potions of heal wounds {unknown}
 n - 2 potions of attraction {unknown}
 q - a potion of lignification {unknown}
 r - a potion of berserk rage {unknown}
 t - a potion of cancellation {unknown}
 u - a potion of mutation {unknown}


   Skills:
 + Level 5.5 Fighting
 + Level 9.0 Axes
 + Level 3.1 Armour
 + Level 4.9 Dodging
 + Level 1.7 Stealth


You had 6 spell levels left.
You didn't know any spells.
Your spell library was empty.

Dungeon Overview and Level Annotations

Branches:
Dungeon (5/15)             Temple (0/1) D:4

Altars:
Wu Jian

Shops:
D:3 [   D:4 !

Annotations:
D:5 Duvessa


Innate Abilities, Weirdness & Mutations

You have a pair of horns on your head.
You reflexively headbutt those who attack you in melee.


Message History

Things that are here:
a +0 dagger; a +0 robe You feel a strong urge to attack something.
Unknown command.
You feel your anger nearly subside.
You are no longer berserk.
You are exhausted.
You feel yourself slow down.
Duvessa, Sister of Dowan comes into view.
She is wielding a +0 rapier and carrying a wand of polymorph (9).
Found 3 gold pieces.
Duvessa shouts!
Duvessa goes berserk!
Duvessa hits you but does no damage. Duvessa hits you with a +0 rapier.
You barely miss Duvessa. Your headbutt misses Duvessa.
Duvessa hits you with a +0 rapier. Duvessa hits you with a +0 rapier!
You slash Duvessa!
Duvessa is lightly wounded.
Duvessa hits you with a +0 rapier. Duvessa hits you with a +0 rapier! x2
You barely miss Duvessa.
Duvessa is lightly wounded.
Duvessa hits you with a +0 rapier! Duvessa barely misses you.
You closely miss Duvessa. You headbutt Duvessa.
Duvessa is lightly wounded.
Duvessa hits you with a +0 rapier.
* * * LOW HITPOINT WARNING * * *
Duvessa hits you with a +0 rapier.
* * * LOW HITPOINT WARNING * * *
Aiming: Polymorph
Press: ? - help, Q - select action, (/) - cycle Shift-Dir - straight line, f - Duvessa
Aim: Duvessa, wielding a +0 rapier, wearing a +0 ring mail and carrying a wand of polymorph (9) (lightly wounded, berserk, will become a worm, a bullfrog, or a wolf, chance to affect: 31%) Duvessa easily resists.
Duvessa barely misses you. Duvessa hits you with a +0 rapier!
* * * LOW HITPOINT WARNING * * *
Duvessa hits you with a +0 rapier.
* * * LOW HITPOINT WARNING * * *
You hit Duvessa.
Duvessa is moderately wounded.
Duvessa hits you with a +0 rapier!
* * * LOW HITPOINT WARNING * * *
Duvessa hits you with a +0 rapier.
You die...

#.......#.
.......##.........
.......$+.........
#......##.....†)..
#......####.....†.
#......#.....##.#+
#......#.....##.#.
#e.....#.....##.#.
#####@.....#.....##+#.
#........#.#..........
#........#.#..........
#........#.#..........
#........#.#..........
#...)....#.#..........
#..........#..........
#..........###........
#########..###........


You could see Duvessa (berserk).

Vanquished Creatures
  Sigmund (D:3)
  2 black bears
  An ogre (D:5)
  A necrophage (D:5)
  A water moccasin zombie (D:5)
  Dowan (D:5)
  A centaur zombie (D:3)
  2 orc priests
  A hound (D:5)
  An orc wizard (D:4)
  A hound zombie (D:5)
  Robin (D:3)
  3 gnolls (D:4)
  9 adders
  An adder skeleton (D:4)
  2 dart slugs
  10 orcs
  9 ball pythons
  7 bats
  11 endoplasms
  6 giant cockroaches
  10 goblins
  11 hobgoblins
  4 quokkas
  2 frilled lizards (D:1)
  5 kobolds
  6 rats
110 creatures vanquished.

Vanquished Creatures (others)
  A fungus (D:1)
  A plant (D:1)
2 creatures vanquished.

Grand Total: 112 creatures vanquished

Notes
Turn   | Place    | Note
-------+----------+-------------------------------------------
     0 | D:1      | klau3 the Minotaur Berserker began the quest for the Orb.
     0 | D:1      | Reached XP level 1. HP: 19/19 MP: 0/0
    35 | D:1      | You fall into a shaft and drop 1 floor!
   220 | D:2      | Reached XP level 2. HP: 22/27 MP: 1/1
   374 | D:2      | Reached skill level 4 in Axes
   843 | D:2      | Reached XP level 3. HP: 24/33 MP: 2/2
  1615 | D:1      | Reached ** piety under Trog
  1654 | D:1      | Found a faded altar of an unknown god.
  1805 | D:3      | Reached skill level 5 in Axes
  1840 | D:3      | Found an ornate altar of the Wu Jian Council.
  1909 | D:3      | Found Huabb's Antique Armour Emporium.
  1967 | D:3      | Reached XP level 4. HP: 40/40 MP: 3/3
  1970 | D:3      | Noticed Robin
  1981 | D:3      | Killed Robin
  2145 | D:3      | Noticed Sigmund
  2157 | D:3      | Killed Sigmund
  2158 | D:3      | Reached skill level 6 in Axes
  2158 | D:3      | Reached skill level 1 in Stealth
  2158 | D:3      | Reached XP level 5. HP: 35/47 MP: 4/4
  2391 | D:3      | Reached XP level 6. HP: 53/53 MP: 5/5
  2723 | D:3      | Reached skill level 7 in Axes
  2723 | D:3      | Reached *** piety under Trog
  3441 | D:4      | Found a staircase to the Ecumenical Temple.
  3595 | D:4      | Reached skill level 5 in Fighting
  3595 | D:4      | Reached XP level 7. HP: 56/61 MP: 6/6
  3676 | D:4      | Found Pihiox's Distillery.
  3886 | D:5      | Entered Level 5 of the Dungeon
  3987 | D:5      | Reached skill level 8 in Axes
  4084 | D:5      | Noticed Dowan
  4101 | D:5      | Killed Dowan
  4102 | D:5      | Reached skill level 9 in Axes
  4106 | D:5      | Noticed Duvessa
  4114 | D:5      | HP: 1/61 [Duvessa/+0 rapier (11)]
  4114 | D:5      | Slain by Duvessa

Illustrated notes

Levels and vault maps discovered:
D:1:      sevenhm_arrival_forest_fort_large_2, layout_rooms,
          shapermc_ecumenical_altar_ellora
D:2:      layout_loops_ring
D:3:      layout_loops_cross, nicolae_wu_jian_immortal_techniques, serial_shops,
          shop_statue, portal_sewer_entry_f, minmay_close_crescents, uniq_robin,
          uniq_sigmund
D:4:      layout_loops_cross, temple_hall, serial_shops, kennysheep_mini,
          dk_rats_in_the_wall
D:5:      layout_basic, uniq_duvessa

Skill      XL: |  1  2  3  4  5  6  7 |
---------------+----------------------+-----
Fighting       | 4 5 |  5.5
Axes           | 4 5 6 7 9 |  9.0
Dodging        | 3 4 |  4.9
Stealth        | 1 |  1.7
Armour         | 3 |  3.1

Action                   |  1- 3 |  4- 6 |  7- 9 || total
-------------------------+-------+-------+-------++-------
Melee: Hand axe          |    32 |       |       ||    32
       Headbutt          |    11 |    17 |     5 ||    33
       Punch             |     1 |       |       ||     1
       War axe           |    36 |    82 |    29 ||   147
Invok: Berserk           |     1 |     5 |     3 ||     9
       Trog's Hand       |       |       |     2 ||     2
Evoke: Wand              |       |       |     1 ||     1
Armor: Animal skin       |    19 |    20 |       ||    39
       Scale mail        |       |     5 |    18 ||    23
Dodge: Dodged            |    63 |    65 |    22 ||   150
